 Dungeon Crawl Stone Soup version 0.21-a0-88-g13b9641 (webtiles) character file.

2508 grindst0ne the Protected (level 9, -2/76 HPs)
             Began as a Formicid Fighter on June 26, 2017.
             Was an Initiate of Makhleb.
             Slain by Joseph
             ... wielding a +0 quarterstaff of holy wrath
              (11 damage)
             ... on level 7 of the Dungeon.
             The game lasted 00:16:00 (9962 turns).

grindst0ne the Protected (Formicid Fighter)         Turns: 9962, Time: 00:16:01

Health: -2/76      AC: 19    Str: 21    XL:     9   Next: 83%
Magic:  9/9        EV:  6    Int: 10    God:    Makhleb [......]
Gold:   360        SH: 11    Dex: 15    Spells: 8/8 levels left

rFire    . . .     SeeInvis +   a - +0 long sword
rCold    . . .     Gourm    .   c - +0 shield
rNeg     . . .     Faith    .   H - +0 plate armour
rPois    .         Spirit   .   (helmet unavailable)
rElec    .         Reflect  .   (no cloak)
rCorr    .         Harm     .   j - +0 pair of gloves
MR       .....     Clarity  +   y - +0 pair of boots
Stlth    ..........             G - amulet of magic regeneration
HPRegen  0.22/turn              x - +3 ring of protection
MPRegen  0.36/turn              k - +2 ring of dexterity

@: drained
A: permanent stasis, dig shafts and tunnels, four strong arms, antennae 3,
clarity, clever 1
a: Dig, Shaft Self, Renounce Religion


You were on level 7 of the Dungeon.
You worshipped Makhleb.
Makhleb was noncommittal.
You were not hungry.

You visited 2 branches of the dungeon, and saw 8 of its levels.

You collected 360 gold pieces.

Inventory:

Hand Weapons
 a - a +0 long sword (weapon)
Armour
 b - a +0 scale mail
 c - a +0 shield (worn)
 j - a +0 pair of gloves (worn)
 o - a +0 chain mail
 y - a +0 pair of boots (worn)
 H - a +0 plate armour (worn)
Jewellery
 k - a +2 ring of dexterity (right hand)
 x - a +3 ring of protection (left hand)
 G - an amulet of magic regeneration (around neck)
Wands
 h - a wand of iceblast (7/15)
 p - a wand of random effects (0/48)
 A - a wand of random effects (0/48)
Scrolls
 e - 3 scrolls of identify
 g - 2 scrolls of magic mapping
 l - 3 scrolls of remove curse
 n - a scroll of fear
 q - 2 scrolls of amnesia
 u - a scroll of recharging
 v - 2 scrolls of teleportation
 z - 2 scrolls of enchant weapon
 C - a scroll of enchant armour
 I - a scroll of noise
Potions
 d - a potion of curing
 i - a potion of mutation
 F - a potion of flight
Comestibles
 f - a bread ration
 r - 2 fruits
 s - 5 royal jellies
 w - 8 meat rations


   Skills:
 + Level 9.2(8.4) Fighting
 - Level 2.0(1.3) Long Blades
 + Level 9.2(8.4) Armour
 - Level 8.0(7.3) Shields


You had 8 spell levels left.
You didn't know any spells.

Dungeon Overview and Level Annotations

Branches:
Dungeon (7/15)             Temple (1/1) D:5

Altars:
Ashenzari
Cheibriados
Dithmenos
Elyvilon
Fedhas
Gozag
Hepliaklqana
Kikubaaqudgha
Makhleb
Nemelex Xobeh
Okawaru
Qazlal
Ru
Sif Muna
Trog
Vehumet
Wu Jian
Xom
Yredelemnul
Zin
The Shining One

Shops:
D:7 %

Annotations:
D:4 exclusion: downstairs
D:5 exclusion: downstairs
D:6 exclusion: downstairs, grindst0ne's ghost, novice FoFi
D:7 Joseph


Innate Abilities, Weirdness & Mutations

You cannot be hasted, slowed, berserked, paralysed or teleported.
You can dig through walls and to a lower floor.
Your four strong arms can wield two-handed weapons with a shield.
You have a pair of large antennae on your head. (SInv)
You possess an exceptional clarity of mind.
Your mind is acute. (Int +2)


Message History

You barely miss Joseph.
Joseph is heavily wounded.
Joseph hits you but does no damage.
As you read the scroll of fog, it crumbles to dust.
The scroll dissolves into smoke.
Joseph hits you with a quarterstaff of holy wrath!
* * * LOW HITPOINT WARNING * * *
You hit Joseph.
Joseph is severely wounded.
Joseph grins evilly.
Joseph hits you but does no damage.
You hit Joseph but do no damage.
Joseph is severely wounded.
You block Joseph's attack.
Joseph hits you with a quarterstaff of holy wrath.
* * * LOW HITPOINT WARNING * * *
You slash Joseph!
Joseph is almost dead.
Joseph hits you with a quarterstaff of holy wrath!
You die...

...........................#..#..
...........................'..'..
.................(.........####..
...#######..........####....# ###
...#.....#..........#..#....#
...#.....##.#########..#....#
...#..........#§§§§##..#....#####
...#..........#§@§§##..#.........
..............#§@§§....#.........
...#..[..###.###§§§##..#.........
...#.....###.###§§§##..#.........
..............#....##..##.....###
...#..........#.........#.....#
...#..........#.........#.....#
...#..........#....##...#.....###
...#..........#....##.###........
...#..........#.....#...#........


You could see Joseph.

Vanquished Creatures
  Sigmund (D:5)
  A wyvern (D:3)
  Eustachio (D:5)
  Menkaure (D:7)
  2 ice beasts
  2 sky beasts
  An ogre (D:6)
  A bullfrog (D:6)
  3 scorpions
  A howler monkey (D:7)
  A centaur zombie (D:5)
  An orc priest (D:7)
  2 jellies
  A centaur skeleton (D:4)
  4 hounds
  2 orc wizards
  An iguana (D:6)
  10 worker ants
  11 gnolls
  16 adders
  2 shadow imps
  2 adder skeletons (D:5)
  3 worms (D:3)
  2 dart slugs
  4 leopard geckos
  9 orcs
  3 ball pythons
  11 bats
  7 giant cockroaches
  10 goblins
  6 hobgoblins
  6 jackals (D:3)
  3 quokkas
  2 frilled lizards
  11 kobolds
  A quokka skeleton (D:4)
  9 rats
154 creatures vanquished.

Vanquished Creatures (others)
  The ghost of HAL9000 the Basher, a novice OgHu (D:5)
  A howler monkey (D:5)
  A centaur zombie (D:5)
  An orc (D:5)
4 creatures vanquished.

Grand Total: 158 creatures vanquished

Notes
Turn   | Place    | Note
-------+----------+-------------------------------------------
     0 | D:1      | grindst0ne the Formicid Fighter began the quest for the Orb.
     0 | D:1      | Reached XP level 1. HP: 18/18 MP: 1/1
   188 | D:1      | Reached XP level 2. HP: 22/24 MP: 2/2
   627 | D:1      | Reached XP level 3. HP: 28/29 MP: 3/3
   701 | D:2      | Found a white marble altar of Elyvilon.
   701 | D:2      | Found an ornate altar of the Wu Jian Council.
   707 | D:2      | Found a deep blue altar of Sif Muna.
   727 | D:2      | Found a faded altar of an unknown god.
   728 | D:2      | Found a bloodstained altar of Trog.
  1081 | D:2      | Reached XP level 4. HP: 37/37 MP: 4/4
  1235 | D:2      | Found a glowing golden altar of the Shining One.
  1251 | D:2      | Found a bloodstained altar of Trog.
  1415 | D:3      | Reached skill level 5 in Shields
  1490 | D:3      | Reached XP level 5. HP: 35/42 MP: 5/5
  1856 | D:3      | Noticed a wyvern
  1885 | D:3      | Killed a wyvern
  1885 | D:3      | Reached XP level 6. HP: 16/49 MP: 6/6
  2225 | D:3      | Noticed an ogre
  2424 | D:4      | Reached skill level 5 in Armour
  2424 | D:4      | Reached XP level 7. HP: 46/55 MP: 7/7
  2441 | D:4      | Reached skill level 5 in Fighting
  3975 | D:5      | Entered Level 5 of the Dungeon
  4006 | D:5      | Found a shimmering altar of Xom.
  4016 | D:5      | Noticed Sigmund
  4026 | D:5      | Killed Sigmund
  4026 | D:5      | Reached XP level 8. HP: 64/64 MP: 8/8
  4270 | D:5      | Found a staircase to the Ecumenical Temple.
  4284 | Temple   | Entered the Ecumenical Temple
  4527 | Temple   | Became a worshipper of Makhleb the Destroyer
  4595 | D:5      | Noticed Eustachio
  4662 | D:5      | Killed Eustachio
  4765 | D:5      | Noticed HAL9000's ghost (novice OgHu)
  5344 | D:5      | Killed HAL9000's ghost
  5815 | D:6      | Reached XP level 9. HP: 12/72 MP: 9/9
  6423 | D:6      | Found an opulent altar of Gozag.
  6447 | D:6      | Found an iron altar of Okawaru.
  6616 | D:6      | Noticed grindst0ne's ghost (novice FoFi)
  6704 | D:6      | Gained mutation: Your mind is acute. (Int +2) [potion of mutation]
  6704 | D:6      | Gained mutation: You possess an exceptional clarity of mind. [potion of mutation]
  8911 | D:7      | Noticed a two-headed ogre
  9191 | D:7      | Found Yskocobb's Food Boutique.
  9192 | D:7      | Noticed Menkaure
  9522 | D:7      | Killed Menkaure
  9899 | D:7      | Noticed Joseph
  9962 | D:7      | Slain by Joseph

Vault maps used:
D:1:      roderic_crossed_star, minmay_hexomino_f4
D:2:      lemuel_crystal_altar, chequers_temple_overflow_minitemple, trog_book
D:3:      first_bread, minmay_divided_ellipse
D:5:      overflow_temple_1_default, temple_green, lemuel_flamethrower_2,
          uniq_eustachio, uniq_sigmund
D:6:      grunt_gozag_breadcrumbs, kennysheep_mini
D:7:      serial_shops, shop, uniq_joseph, uniq_menkaure
Temple:   nicolae_temple_figure_eight

Skill      XL: |  1  2  3  4  5  6  7  8  9 |
---------------+----------------------------+-----
Shields        | 4 5 6 8 |  8.0
Armour         | 4 5 7 9 |  9.2
Fighting       | 4 5 7 9 |  9.2
Long Blades    | |  2.0

Action                   |  1- 3 |  4- 6 |  7- 9 || total
-------------------------+-------+-------+-------++-------
Melee: Long sword        |   123 |   193 |   719 ||  1035
 Abil: Dig               |     3 |     9 |    27 ||    39
Evoke: Wand              |       |       |    20 ||    20
  Use: Potion            |       |     1 |    15 ||    16
       Scroll            |       |       |    13 ||    13
  Eat: Chunk             |     1 |     6 |    17 ||    24
       Bread ration      |       |       |     3 ||     3
Armor: Scale mail        |    29 |       |       ||    29
       Chain mail        |    27 |   132 |   128 ||   287
       Plate armour      |       |       |   297 ||   297
       Skin              |       |       |    23 ||    23
Dodge: Dodged            |    42 |    65 |   151 ||   258
Block: Shield            |    84 |   143 |   424 ||   651
       Rpst.: Long sword |     8 |    24 |    40 ||    72
